AoeStats
← TheDarkPhantom87

Team Islands

503130653Analyzed
3v3 RM · 11d ago on Aug 30, 2026· 32m 4s· 6 players
Game mode
Random Map
Map size
Large (8 player)
Population
200
Speed
Normal
Resources
Standard
Victory
Conquest
Starting age
Dark Age
Ending age
Imperial Age
RankedLock teamsTeams togetherTeam positionsShared explorationLock speedFull tech treeHidden civsTurbo modeCheats
Victory
Defeat
🇫🇷 Japanese · France
998
+10
🇬🇬 Aztecs · Guernsey
997
+10
🇬🇧 Saracens · United Kingdom
965
+12
🇩🇪 Celts · Germany
880
-11
🇨🇦 Gurjaras · Canada
876
-11
🇨🇳 Khmer · China
861
-10
TheDarkPhantom87
12:00 Feudal Age
12:36 Double-Bit Axe
12:34 Horse Collar
17:19 Wheelbarrow
20:25 Castle Age
20:23 Gold Mining
20:27 Stone Mining
21:44 Bow Saw
21:36 Heavy Plow
22:17 Gold Shaft Mining
22:18 Stone Shaft Mining
21:36 Fishing Lines
22:21 Medium Warships
25:24 Loom
27:05 Elite Skirmisher
maRtin993♪
5:36 Loom
11:26 Feudal Age
13:33 Fishing Lines
13:58 Double-Bit Axe
14:28 Horse Collar
17:01 Gold Mining
23:07 Castle Age
22:11 Forging
31:26 Ballistics
Marshall
14:02 Feudal Age
15:18 Double-Bit Axe
15:16 Horse Collar
20:05 Gold Mining
25:12 Castle Age
26:18 Heavy Plow
26:31 Bow Saw
26:57 Stone Mining
28:42 Ballistics
31:01 Padded Archer Armor
30:52 Fletching
31:39 Demolition Ship
32:34 Medium Warships
> NUTS <
3:27 Loom
13:35 Feudal Age
18:43 Castle Age
16:58 Town Watch
17:04 Double-Bit Axe
17:59 Stone Mining
17:56 Fishing Lines
20:54 Stone Shaft Mining
20:42 Gillnets
21:46 Wheelbarrow
22:34 Town Patrol
22:51 Hand Cart
23:58 Scale Mail Armor
24:33 Gold Mining
26:43 Gold Shaft Mining
27:10 Chain Mail Armor
27:07 Forging
Soinard
10:15 Loom
12:29 Feudal Age
14:43 Double-Bit Axe
17:05 Castle Age
14:56 Horse Collar
15:38 Fishing Lines
18:40 Bow Saw
18:49 Padded Archer Armor
18:40 Fletching
20:42 Gold Mining
22:09 Bodkin Arrow
24:19 Ballistics
28:14 Wheelbarrow
27:25 Town Watch
30:50 Leather Archer Armor
Koopa
7:50 Loom
10:25 Feudal Age
11:08 Double-Bit Axe
16:30 Gold Mining
21:54 Castle Age
20:14 Horse Collar
21:08 Fletching
22:28 Bloodlines
22:34 Fishing Lines
23:05 Scale Barding Armor
23:21 Gillnets
23:10 Light Cavalry
24:24 Forging
27:43 Husbandry
32:30 Wheelbarrow
32:25 Bow Saw
Connection lost

Rejoining the realm…

Still unreachable

The connection could not be restored.

Session expired

The server has moved on; the page needs a fresh start.